 Dungeon Crawl Stone Soup version 0.30.1-1-g62c8e00024 (webtiles) character file.

Game seed: 13786597960554164563

12 Heoruswealwe the Conjurer (level 2, -1/15 HPs)
             Began as a Deep Elf Conjurer on July 17, 2023.
             Slain by a hobgoblin (3 damage)
             ... on level 1 of the Dungeon.
             The game lasted 00:01:36 (88 turns).

Heoruswealwe the Conjurer (Deep Elf Conjurer)         Turns: 88, Time: 00:01:38

Health: -1/15      AC:  2    Str:  4    XL:     2   Next: 20%
Magic:  0/8        EV: 12    Int: 22    God:
Gold:   0          SH:  0    Dex: 13    Spells: 7/8 levels left

rFire   . . .        (no weapon)
rCold   . . .        (no shield)
rNeg    . . .        c - +0 robe
rPois   .            (no helmet)
rElec   .            (no cloak)
rCorr   .            (no gloves)
SInv    .            (no boots)
Will    .....        (no amulet)
Stlth   ++           (no ring)
HPRegen 0.22/turn    (no ring)
MPRegen 0.11/turn

%: no passive effects
@: no status effects
A: no striking features
a: no special abilities


You were on level 1 of the Dungeon.
You visited 1 branch of the dungeon, and saw 1 of its levels.

Inventory:

Armour
 c - a +0 robe (worn)
Potions
 a - 2 potions of invisibility {unknown}


   Skills:
 - Level 2.4 Dodging
 - Level 2.4 Stealth
 + Level 3.6 Spellcasting
 + Level 4.7 Conjurations


You had 7 spell levels left.
You knew the following spells:

 Your Spells              Type           Power      Damage    Failure   Level
a - Magic Dart            Conj           96%        1d7       1%          1

Your spell library contained the following spells:

 Spells                   Type           Power      Damage    Failure   Level
 Searing Ray              Conj           48%        2d6       2%          2
 Dazzling Flash           Conj/Hex       28%        N/A       13%         3
 Fulminant Prism          Conj/Hex       7%         3d7       41%         4
 Iskenderun's Mystic Bla  Conj/Tloc      14%        2d5       41%         4


Dungeon Overview and Level Annotations

Branches:
Dungeon (1/15)

Altars:


Message History

You kill the hobgoblin!
A frilled lizard comes into view.
The magic dart hits the kobold.
The kobold is severely wounded.
The kobold misses you.
The magic dart hits the kobold.
You kill the kobold!
The quokka bites you but does no damage.
The magic dart hits the quokka.
The quokka is almost dead.
The quokka misses you. The hobgoblin closely misses you.
The magic dart hits the quokka.
You kill the quokka!
The hobgoblin hits you but does no damage.
The hobgoblin hits you.
You see here a hobgoblin corpse.
The hobgoblin attacks as you move away! The hobgoblin barely misses you.
The goblin attacks as you move away! The goblin hits you but does no damage.
The frilled lizard barely misses you.
The frilled lizard attacks as you move away!
The frilled lizard completely misses you.
Found 6 gold pieces.
You see here a white potion.
The frilled lizard attacks as you move away!
The frilled lizard bites you. The hobgoblin attacks as you move away!
The hobgoblin hits you. The hobgoblin attacks as you move away!
The hobgoblin hits you.
* * * LOW HITPOINT WARNING * * *
Found a stone staircase leading down.
The hobgoblin attacks as you move away! The hobgoblin hits you.
* * * LOW HITPOINT WARNING * * *
Casting: Magic Dart (safe; 1% risk of failure)
Confirm with . or Enter, or press ? or * to list all spells.
Aiming: Magic Dart (safe; 1% risk of failure)
Press: ? - help, Shift-Dir - straight line, f - hobgoblin
Aim: a hobgoblin (100% to hit)
The magic dart hits the hobgoblin.
The hobgoblin is severely wounded.
The hobgoblin hits you.
You die...

.....##.# ..#
>.......#####.#
..........##.#
..........##.##
.##$......##†.#
.........$.!.#)###
...###..l.g#.....#
#.....g######.#.#
####..@.# #.#.#
#.....# #.#.##
#.#.#.# #....#
#.#.#..####.#...#
#.##.#
#.#.##....#?###.#
#.#.. # #)#
###....# K# ..#.#
#... #.# #......##
# #...
#...##..##.......#
...
..............#.#


You could see a hobgoblin and a frilled lizard.

Vanquished Creatures
  A dart slug (D:1)
  2 hobgoblins (D:1)
  2 quokkas (D:1)
  2 bats (D:1)
  2 kobolds (D:1)
9 creatures vanquished.

Notes
Turn   | Place    | Note
-------+----------+-------------------------------------------
     0 | D:1      | Heoruswealwe the Deep Elf Conjurer began the quest for the
                  | Orb.
     0 | D:1      | Reached XP level 1. HP: 10/10 MP: 6/6
    75 | D:1      | Reached XP level 2. HP: 13/15 MP: 5/8
    88 | D:1      | Slain by a hobgoblin

Illustrated notes

Levels and vault maps discovered:
D:1:      noname_arrival_rooms_in_the_neighbourhood, layout_rooms,
          serial_bayou_crossing

Action                     || total
---------------------------++-------
   Cast: Magic Dart        ||    17
    Use: Potion            ||     1
 Armour: Robe              ||     3
  Dodge: Dodged            ||     7
